 Dungeon Crawl Stone Soup version 0.27.1-3-gb3d3a73c9e (webtiles) character file.

Game seed: 3717663062264710264

27 MajorAdolf the Sneak (level 3, -1/33 HPs)
             Began as a Naga Wanderer on Oct 13, 2021.
             Slain by a gnoll (6 damage)
             ... on level 1 of the Dungeon.
             The game lasted 00:01:41 (1942 turns).

MajorAdolf the Sneak (Naga Wanderer)                Turns: 1942, Time: 00:01:41

Health: -1/33      AC:  6    Str: 14    XL:     3   Next: 10%
Magic:  4/4        EV:  6    Int: 13    God:
Gold:   60         SH:  0    Dex: 10    Spells: 4/4 levels left

rFire    . . .     SeeInvis +   g - +0 whip (venom)
rCold    . . .     Faith    .   (no shield)
rNeg     . . .     Spirit   .   b - +2 scale mail
rPois    +         Reflect  .   (no helmet)
rElec    .         Harm     .   (no cloak)
rCorr    .         Rampage  .   (no gloves)
Will     .....                  (no barding)
Stlth    +.........             (no amulet)
HPRegen  0.11/turn              (no ring)
MPRegen  0.09/turn              (no ring)

@: short of breath, very slow
A: AC +1, large, see invisible, deformed body, poison resistance, slowness 2,
spit poison 1, naga tail 1
a: Spit Poison


You were on level 1 of the Dungeon.
You visited 1 branch of the dungeon, and saw 2 of its levels.

You collected 60 gold pieces.

Inventory:

Hand Weapons
 a - a +0 hand crossbow
 d - a +0 mace
 f - a +0 dagger of speed
 g - a +0 whip of venom (weapon)
Missiles
 c - 23 bolts
Armour
 b - a +2 scale mail (worn)
 i - a +0 leather armour
Potions
 e - a potion of heal wounds {unknown}
 h - a potion of curing {unknown}


   Skills:
 + Level 2.8 Fighting
 - Level 2.0 Maces & Flails
 - Level 1.0 Armour
 + Level 3.0 Stealth
 - Level 1.0 Shields
 - Level 1.0 Spellcasting
 - Level 1.0 Air Magic
 - Level 1.0 Earth Magic
 - Level 1.0 Evocations


You had 4 spell levels left.
You didn't know any spells.
Your spell library was empty.

Dungeon Overview and Level Annotations

Branches:
Dungeon (2/15)

Altars:


Innate Abilities, Weirdness & Mutations

Your serpentine skin is tough. (AC +1)
You have supernaturally acute eyesight. (SInv)
Armour fits poorly on your strangely shaped body.
Your system is resistant to poisons. (rPois)
You cover ground very slowly.
You can spit poison.
You have a snake-like lower body.


Message History

You see here a +0 leather armour.
i - a +0 leather armour
Okay, then.
Done exploring.
Done exploring.
Done exploring.
Done exploring.
There is an open door here.
There is an open door here.
There is a stone staircase leading down here.
You climb downwards.
The gnoll shouts! x2; You hear a shout!
Found a bubbling red potion.
There is a stone staircase leading up here.
Unknown command.
There are monsters nearby!
A gnoll comes into view. It is wielding a +0 halberd.
The gnoll hits you with a +0 flail.
You climb upwards.
There is a stone staircase leading down here.
Unknown command.
Press: ? - help, Shift-Dir - straight line, f - gnoll
Aim: a gnoll, wielding a +0 flail The splash of poison misses the gnoll.
The gnoll hits you with a +0 flail.
Unknown command.
You closely miss the gnoll. The gnoll barely misses you.
You closely miss the gnoll.
You have got your breath back.
The gnoll hits you with a +0 flail!
You hit the gnoll but do no damage.
The gnoll is poisoned.
The gnoll hits you with a +0 flail.
Press: ? - help, Shift-Dir - straight line, f/p - gnoll
Aim: a gnoll, wielding a +0 flail (very poisoned)
The splash of poison hits the gnoll.
The gnoll looks even sicker.
The gnoll is moderately wounded.
The gnoll hits you with a +0 flail!
* * * LOW HITPOINT WARNING * * *
Unknown command.
The gnoll hits you with a +0 flail.
You die...

#..# #.# ##.##
##..####.####.###
##........##.....#
##.....######.....#
##.......## #.....#
#.........####.....#
'........)'........###
#.........###........#
##.......## #.#.@###.#
##.....## #.##g# #.#
##...## #.##># #.#
##'## #.##.###.# #.#
#........# #.#
####.##### ##.## #.# #
##...##### #.#
###.....##.#####.#


You could see a gnoll (very poisoned).

Vanquished Creatures
  2 dart slugs (D:1)
  2 ball pythons (D:1)
  4 bats (D:1)
  4 endoplasms (D:1)
  A goblin (D:1)
  2 hobgoblins (D:1)
  3 frilled lizards (D:1)
  2 kobolds (D:1)
  2 rats (D:1)
22 creatures vanquished.

Notes
Turn   | Place    | Note
-------+----------+-------------------------------------------
     0 | D:1      | MajorAdolf the Naga Wanderer began the quest for the Orb.
     0 | D:1      | MajorAdolf set off with the following items: a +0 hand
                  | crossbow, a +2 scale mail, 23 bolts, a +0 mace
     0 | D:1      | Reached XP level 1. HP: 19/19 MP: 2/2
   258 | D:1      | Reached skill level 1 in Stealth
   339 | D:1      | Reached XP level 2. HP: 14/27 MP: 3/3
   584 | D:1      | Reached skill level 2 in Stealth
   706 | D:1      | HP: 1/27 [poisoned by a kobold]
  1490 | D:1      | Found a faded altar of an unknown god.
  1694 | D:1      | Reached XP level 3. HP: 31/33 MP: 4/4
  1761 | D:1      | Reached skill level 3 in Stealth
  1942 | D:1      | Slain by a gnoll

Illustrated notes

Levels and vault maps discovered:
D:1:      scummos_arrival_star, layout_loops_corners,
          chequers_ecumenical_altar_island, chequers_serial_rivers_micro_a
D:2:      wander_river, layout_rooms, nrook_loot_triangle

Skill      XL: |  1  2  3 |
---------------+----------+-----
Stealth        | 1 2 3 |  3.0
Fighting       | |  2.8
Maces & Flails | |  2.0
Armour         | |  1.0
Shields        | |  1.0
Spellcasting   | |  1.0
Air Magic      | |  1.0
Earth Magic    | |  1.0
Evocations     | |  1.0

Action                   || total
-------------------------++-------
Melee: Mace              ||    18
       Whip              ||    39
       Dagger            ||    20
 Abil: Spit Poison       ||    10
Armor: Scale mail        ||    53
Dodge: Dodged            ||    30
